Unix NetHack Version 5.0.0-0 post-release - last build Jun 10 2026 00:39:30 (3ee93aec679c4c4259841fe613dc97188e26a321,branch:main).

Game began 2026-06-25 07:47:02, ended 2026-06-25 09:48:47.

DiePARTEI, neutral male human Tourist

                               -------     -------
                               |>.|..|   --|F..c.|
                               |.....|   |.-.$F.%|
                              ---.--.|   |-|...cd|--
                           ----....|.--  |.+$.%..Yu|
                           |.......|..-- |-|.....|@|
                           |....---|...| |.-....$|/|
                           |.%..|..|...| --|$..$.|)|
                           |..).%..|...|   ------|.|
                          --....|.....0--        |.|
                          |.....|..|....|        |.|
                          |.....|--|....|        |.|
                          |*0|.--  --...|        |.|
                          ----.|    -----        |.|
                            |/.-------------------.|
                            |..^.....[.............|
                            ------------------------

DiePARTEI the Excursionist  St:17 Dx:14 Co:17 In:11 Wi:10 Ch:15  Neutral
Dlvl:5  $:1998 HP:0(80) Pw:31(31) AC:-5 Xp:9 T:5312 

Latest messages:
 You hit the gold golem.
 You hit the gold golem.
 The horse drops a dagger.
 The gold golem misses!
 The gold golem hits!
 You hit the gold golem.
 The gold golem misses!
 The gold golem hits!
 What do you want to wield? [- aGVY or ?*] G
 G - a dagger (weapon in right hand).
 You miss the gold golem.
 You miss the gold golem.
 The gold golem hits!
 The gold golem hits again!
 You hit the gold golem.
 You hit the gold golem.
 You hit the gold golem.
 You miss the gold golem.
 You miss the gold golem.
 You hit the gold golem.
 The pyrolisk attacks you with a fiery gaze!
 The gold golem misses!
 The gold golem hits!
 You hit the gold golem.
 You hit the gold golem.
 The horse picks up a dagger.
 The gold golem misses!
 The gold golem hits!
 You hit the gold golem.
 The gold golem misses!
 The gold golem hits!
 You hit the gold golem.
 You destroy the gold golem!
 Welcome to experience level 9.
 The pyrolisk attacks you with a fiery gaze!
 Your cloak smoulders!
 You hit the owlbear.
 The owlbear misses!
 The owlbear hits!
 You hit the owlbear.
 You hit the owlbear.
 The pyrolisk attacks you with a fiery gaze!
 The owlbear hits!
 The owlbear hits again!
 You die...
 Do you want your possessions identified? [ynq] (y) y
 Do you want to see your attributes? [ynq] (y) y
 Do you want an account of creatures vanquished? [ynaq] (y) y
 Do you want to see your conduct and achievements? [ynq] (y) y
 Do you want to see the dungeon overview? [ynq] (y) y

Inventory:
 Coins    ('$')
  $ - 1998 gold pieces
 Weapons  (')')
  a - 3 +2 darts (at the ready)
  Y - 3 +0 darts
  G - a +1 dagger (weapon in right hand)
 Armor    ('[')
  R - an uncursed +0 helmet (being worn)
  v - an uncursed +0 pair of gauntlets of dexterity (being worn)
  t - an uncursed +0 pair of speed boots (being worn)
  s - an uncursed +0 shield of drain resistance (being worn)
  A - an uncursed burnt +0 dwarvish cloak (being worn)
  k - an uncursed +0 Hawaiian shirt with a hibiscus flower motif (being worn)
  T - a blessed +2 silver dragon scale mail (being worn)
 Comestibles  ('%')
  Q - 4 uncursed carrots
  h - 9 uncursed food rations
  b - 5 uncursed tripe rations
  W - an uncursed lizard corpse
 Scrolls  ('?')
  E - 2 blessed scrolls of blank paper
  D - an uncursed scroll of blank paper
  x - an uncursed scroll of charging
  p - 2 uncursed scrolls of confuse monster
  P - a cursed scroll of confuse monster
  X - an uncursed scroll of create monster
  d - 2 uncursed scrolls of earth
  Z - a blessed scroll of enchant weapon
  r - an uncursed scroll of fire
  K - a blessed scroll of gold detection
  e - an uncursed scroll of identify
  j - 2 uncursed scrolls of magic mapping
  o - a cursed scroll of remove curse
  i - an uncursed scroll of scare monster
  z - 3 uncursed scrolls of teleportation
 Potions  ('!')
  H - an uncursed potion of fruit juice
  S - a cursed potion of gain ability
  u - an uncursed potion of gain energy
  N - a cursed potion of monster detection
  U - an uncursed potion of restore ability
  C - an uncursed potion of water
 Rings    ('=')
  O - an uncursed ring of cold resistance
  n - an uncursed +3 ring of gain strength
  m - an uncursed ring of protection from shape changers
 Wands    ('/')
  f - a wand of create monster (0:0)
  y - a wand of make invisible (0:5)
 Tools    ('(')
  l - an expensive camera (0:28)
  I - an uncursed lock pick
  L - a magic marker (0:71)
  V - a +0 pick-axe
  M - an uncursed stethoscope
 Gems/Stones  ('*')
  q - 2 uncursed agate stones
  F - an uncursed amber stone
  g - an uncursed amethyst stone
  w - an uncursed worthless piece of blue glass
  J - an uncursed worthless piece of green glass
  c - an uncursed worthless piece of orange glass

DiePARTEI the Tourist's attributes:

Background:
 You were an Excursionist, a level 9 male human Tourist.
 You were neutral, on a mission for The Lady
 who was opposed by Blind Io (lawful) and Offler (chaotic).
 You were right-handed.
 You were in Sokoban, on level 5.
 You entered the dungeon 5312 turns ago.
 You had 2589 experience points, 2531 more were needed to attain level 10.

Basics:
 You had 0 out of 80 hit points.
 You had all 31 energy points (spell power).
 Your armor class was -5.
 Your wallet contained 1998 zorkmids.
 Autopickup was off.

Final Characteristics:
 Your strength was 17 (limit:18/100).
 Your dexterity was 14 (limit:18).
 Your constitution was 17 (limit:18).
 Your intelligence was 11 (limit:18).
 Your wisdom was 10 (limit:18).
 Your charisma was 15 (limit:18).

Final Status:
 You weren't hungry.
 You were unencumbered.
 You were wielding a dagger.
 You were unskilled in dagger.

Final Attributes:
 You were piously aligned.
 Your items were somewhat protected from fire.
 Your items were somewhat protected from cold.
 You were level-drain resistant.
 You were telepathic.
 You were warded.
 You were very fast.
 You had reflection.
 You are dead.

Miscellaneous:
 You encountered 1 bones level.
 Total elapsed playing time was 1 hour, 22 minutes and 49 seconds.

Major events:
 Turn
    1: DiePARTEI the neutral male human Tourist entered the dungeon
  545: entered the Gnomish Mines
  577: attained the rank of Sightseer (level 3)
  618: reached Mine Town
 1651: attained the rank of Excursionist (level 6)
 2906: entered Sokoban
 3089: completed 1st Sokoban level
 3358: completed 2nd Sokoban level
 3635: completed 3rd Sokoban level
 4290: completed 4th Sokoban level
 5312: killed by an owlbear

Spells:
 Name                 Level Category     Fail Retention
 detect food            2   divination    75%  76%-100%

Skills:
 Fighting Skills
   bare handed combat [Skilled]
   two weapon combat  [Unskilled]
   riding             [Unskilled]
 Weapon Skills
   dagger             [Unskilled]
   knife              [Unskilled]
   axe                [Unskilled]
   pick-axe           [Unskilled]
   short sword        [Unskilled]
   broadsword         [Unskilled]
   long sword         [Unskilled]
   two-handed sword   [Unskilled]
   saber              [Unskilled]
   mace               [Unskilled]
   morning star       [Unskilled]
   flail              [Unskilled]
   hammer             [Unskilled]
   quarterstaff       [Unskilled]
   polearms           [Unskilled]
   spear              [Unskilled]
   trident            [Unskilled]
   lance              [Unskilled]
   bow                [Unskilled]
   sling              [Unskilled]
   crossbow           [Unskilled]
   dart               [Skilled]
   shuriken           [Unskilled]
   boomerang          [Unskilled]
   whip               [Unskilled]
   unicorn horn       [Unskilled]
 Spellcasting Skills
   divination spells  [Unskilled]
   enchantment spells [Unskilled]
   escape spells      [Unskilled]

Voluntary challenges:
 Character rerolling was not enabled.
 You never genocided any monsters.
 You never polymorphed an object.
 You never changed form.
 You used no wishes.
 You did not violate any of the special Sokoban rules.
Achievements:
 You entered a shop.
 You entered the Gnomish Mines.
 You attained the rank of Sightseer.
 You entered Minetown.
 You entered a temple.
 You attained the rank of Excursionist.
 You entered Sokoban.

 The Dungeons of Doom: levels 1 to 9
    Level 1:
    Level 2:
       An armor shop, an altar to The Lady, a fountain.
    Level 3:
       A sink.
       Stairs down to The Gnomish Mines.
    Level 4:
    Level 5:
       Many fountains.
    Level 6:
       Final resting place for
          printermade-Kni-Hum-Mal-Law, killed by a sewer rat, while praying.
    Level 7:
    Level 8:
    Level 9:
       A fountain.
       Stairs up to Sokoban, level 8.
 The Gnomish Mines: levels 4 to 7
    Level 4:
    Level 5:
    Level 6:
       Many shops, a temple and an altar, some fountains.
    Level 7:
 Sokoban: levels 8 up to 5
    Level 5: <- You were here.
       Solved.
       Final resting place for
          you, killed by an owlbear.
    Level 6:
       Solved.
    Level 7:
       Solved.
    Level 8:
       Solved.


Vanquished creatures:
  2 giant mimics
  2 long worms
  2 quantum mechanics
  a flaming sphere
  a tengu
  a Grey-elf
  a chameleon
  a cockatrice
  a wolf
  a lynx
  a leprechaun
 an orc-captain
  a scorpion
  2 vampire bats
  2 orc mummies
  a gold golem
  a werewolf
  a lizard
  2 dwarf leaders
  2 dust vortices
  a raven
  a snake
 an ape
 an imp
  a water nymph
  4 Mordor orcs
  2 rock piercers
  a pony
  3 yellow lights
  a violet fungus
  3 gnome leaders
  3 gnomish wizards
  a ghoul
  a straw golem
  a paper golem
  3 giant ants
  3 floating eyes
  8 dwarves
  2 homunculi
  a kobold shaman
  4 rothes
  2 rabid rats
  3 centipedes
  2 giant bats
  2 orc zombies
  2 dwarf zombies
  a wererat
  2 iguanas
  a killer bee
 an acid blob
  2 coyotes
  a gas spore
  a hobgoblin
  6 giant rats
  a brown mold
  a yellow mold
  a red mold
 30 gnomes
  2 geckos
  5 jackals
  2 kobolds
  4 goblins
 12 sewer rats
  2 grid bugs
  a bat
  2 lichens
  a kobold zombie
  4 newts
167 creatures vanquished.

No species were genocided or became extinct.

Game over:
                       ----------
                      /          \
                     /    REST    \
                    /      IN      \
                   /     PEACE      \
                  /                  \
                  |    DiePARTEI     |
                  |     1998 Au      |
                  |   killed by an   |
                  |     owlbear      |
                  |                  |
                  |                  |
                  |       2026       |
                 *|     *  *  *      | *
        _________)/\\_//(\/(/\)/\//\/|_)_______

Aloha DiePARTEI the Tourist...

You died in Sokoban on dungeon level 5 with 11953 points,
and 1998 pieces of gold, after 5312 moves.
You were level 9 with a maximum of 80 hit points when you died.

